 Dungeon Crawl Stone Soup version 0.30-a0-4-ga7cffc901d (webtiles) character file.

Game seed: 2821777535165482847

224 Zonian the Sneak (level 5, -2/24 HPs)
             Began as a Spriggan Conjurer on Aug 20, 2022.
             Slain by an orc priest
             ... wielding a +0 flail
              (6 damage)
             ... on level 4 of the Dungeon.
             The game lasted 00:07:55 (4560 turns).

Zonian the Sneak (Spriggan Conjurer)                Turns: 4560, Time: 00:07:56

Health: -2/24      AC:  2    Str:  5    XL:     5   Next: 67%
Magic:  6/12       EV: 18    Int: 20    God:
Gold:   152        SH:  0    Dex: 13    Spells: 6/12 levels left

rFire   . . .      SeeInvis +    j - +2 short sword (speed)
rCold   . . .      Faith    .    (no shield)
rNeg    . . .      Spirit   .    a - +0 robe
rPois   .          Reflect  .    (helmet restricted)
rElec   .          Harm     .    (no cloak)
rCorr   .          Rampage  .    (gloves unavailable)
Will    .....                    (boots unavailable)
Stlth   +++.......               o - amulet of magic regeneration
HPRegen 0.08/turn                l - ring of flight
MPRegen 0.53/turn                (no ring)

@: flying, very slightly contaminated, very quick
A: very small, no large weapons, unfitting armour, see invisible, speed 3
a: no special abilities


You were on level 4 of the Dungeon.
You visited 1 branch of the dungeon, and saw 4 of its levels.
You also visited: Sewer.

You collected 152 gold pieces.

Inventory:

Hand Weapons
 d - a +0 dagger
 j - a +2 short sword of speed (weapon)
 k - a +4 vampiric whip
 p - a +2 dagger of freezing
Armour
 a - a +0 robe (worn)
Jewellery
 l - a ring of flight (left hand)
 o - an amulet of magic regeneration (around neck)
Scrolls
 g - a scroll of summoning {unknown}
 h - a scroll of enchant weapon {unknown}
 i - a scroll of fear {unknown}
 r - a scroll of blinking {unknown}
Potions
 b - a potion of resistance {unknown}
 c - 3 potions of berserk rage
 e - a potion of might
 f - 4 potions of flight
 m - a potion of heal wounds {unknown}
 n - a potion of curing {unknown}
 q - a potion of lignification {unknown}


   Skills:
 + Level 4.4 Dodging
 + Level 5.0 Stealth
 + Level 4.2 Spellcasting
 + Level 3.6 Conjurations
 + Level 1.8 Hexes


You had 6 spell levels left.
You knew the following spells:

 Your Spells              Type           Power      Damage    Failure   Level
a - Magic Dart            Conj           72%        1d6       2%          1
b - Searing Ray           Conj           36%        2d5       4%          2
c - Dazzling Flash        Conj/Hex       30%        N/A       12%         3

Your spell library contained the following spells:

 Spells                   Type           Power      Damage    Failure   Level
 Apportation              Tloc           8%         N/A       13%         1
 Necrotise                Necr           16%        1d4       13%         1
 Sting                    Tmut/Pois      16%        1d3       13%         1
 Summon Small Mammal      Summ           16%        N/A       13%         1
 Poisonous Vapours        Pois/Air       8%         N/A       19%         2
 Confusing Touch          Hex            11%        N/A       19%         3
 Fulminant Prism          Conj/Hex       7%         3d7       38%         4
 Iskenderun's Mystic Bla  Conj/Tloc      11%        2d4       52%         4
 Corpse Rot               Necr/Pois/Air  4%         N/A       77%         4
 Dispel Undead            Necr           4%         3d7       77%         4
 Olgreb's Toxic Radiance  Pois           4%         N/A       77%         4
 Yara's Violent Unravell  Hex/Tmut       3%         3d4       94%         5
 Death Channel            Necr           2%         N/A       100%        6
 Enfeeble                 Hex            5%         N/A       100%        7


Dungeon Overview and Level Annotations

Branches:
Dungeon (4/15)              Sewer (visited)
 Temple: D:4-7

Altars:


Innate Abilities, Weirdness & Mutations

You are very small and have problems with some larger weapons.
You are too small for most types of armour.
You have supernaturally acute eyesight. (SInv)
You cover ground extremely quickly. (Speed+++)


Message History

The orc shouts!
You hear a shout! x2; You hear an angry hiss.
The magic dart hits the orc.
The orc is almost dead.
The orc throws a boomerang.
The boomerang closely misses you.
The magic dart hits the orc.
You kill the orc!
An orc priest comes into view. It is wielding a +0 flail.
The magic dart hits the orc.
The orc is moderately wounded.
The magic dart hits the orc.
The orc is heavily wounded.
The magic dart hits the orc.
You kill the orc!
The magic dart hits the orc priest but does no damage.
The magic dart hits the orc priest.
The orc priest is lightly wounded.
The adder hisses angrily.
The magic dart hits the orc priest.
The orc priest is moderately wounded.
The magic dart hits the orc priest.
The orc priest is severely wounded.
The orc priest invokes the aid of Beogh against you.
Beogh smites you!
Ouch! That really hurt!
You are too injured to fight recklessly!
You are too injured to fight recklessly!
Unknown command.
Casting: Magic Dart (safe; 2% risk of failure)
Confirm with . or Enter, or press ? or * to list all spells.
Aiming: Searing Ray (safe; 4% risk of failure)
Press: ? - help, Shift-Dir - straight line, f/p - orc priest
Aim: an orc priest, wielding a +0 flail and wearing a +0 leather armour (severely wounded, 78% to hit)
You miscast Searing Ray.
You are very lightly contaminated with residual magic.
Nothing appears to happen.
The orc priest barely misses you.
The orc priest hits you with a +0 flail.
* * * LOW HITPOINT WARNING * * *
Unknown command.
The orc priest hits you with a +0 flail.
You die...

##.......## #....
#####.........###
....#
#<.......####...##
#...#. .####...##
##...###.....
##..# ###)........
#..# ##.......#
##.## ##.....##
#..# ##...## #>@#
#..#### ##o#
#...... #S.
#....... #).#
......... ##..
...........
...So...........
..).##.........#
..). ##........#
##.......#


You could see an orc priest and an adder.

Vanquished Creatures
  Pargi (Sewer)
  A hound (D:4)
  2 adders
  2 worms (D:3)
  4 dart slugs
  6 orcs (D:4)
  5 ball pythons
  8 bats
  2 endoplasms
  5 giant cockroaches
  4 hobgoblins
  4 jackals (D:3)
  A quokka (D:1)
  7 frilled lizards
  2 goblins
  8 kobolds
  4 rats
66 creatures vanquished.

Notes
Turn   | Place    | Note
-------+----------+-------------------------------------------
     0 | D:1      | Zonian the Spriggan Conjurer began the quest for the Orb.
     0 | D:1      | Reached XP level 1. HP: 9/9 MP: 5/5
   776 | D:1      | Reached XP level 2. HP: 13/13 MP: 3/6
  1185 | D:1      | Found a faded altar of an unknown god.
  1186 | D:1      | Noticed a golden eye
  1209 | D:1      | Noticed a floating eye
  1209 | D:1      | Noticed a golden eye
  1209 | D:1      | Noticed an eye of devastation
  1595 | D:1      | Learned a level 2 spell: Searing Ray
  2111 | D:2      | Reached XP level 3. HP: 16/16 MP: 5/8
  3041 | D:3      | Reached skill level 4 in Stealth
  3545 | D:3      | Reached XP level 4. HP: 21/21 MP: 8/10
  3868 | D:3      | Learned a level 3 spell: Dazzling Flash
  4040 | D:4      | Found a glowing drain.
  4045 | Sewer    | Entered a sewer
  4053 | Sewer    | Noticed Pargi
  4087 | Sewer    | Killed Pargi
  4088 | Sewer    | Reached skill level 1 in Hexes
  4088 | Sewer    | Reached XP level 5. HP: 12/24 MP: 7/12
  4485 | D:4      | Reached skill level 5 in Stealth
  4560 | D:4      | Slain by an orc priest

Illustrated notes

Levels and vault maps discovered:
D:1:      saegor_arrival_simple_a, layout_loops_corners,
          hellmonk_ecumenical_altar_watching_god
D:2:      layout_basic, kennysheep_another_room, minmay_misc_feat_tiny
D:3:      layout_rooms
D:4:      layout_layer_cave, serial_rivers, chequers_serial_rivers_large_b,
          chequers_serial_rivers_micro_a, chequers_serial_rivers_room_a,
          chequers_serial_rivers_room_a, portal_sewer_entry_e

Skill      XL: |  1  2  3  4  5 |
---------------+----------------+-----
Conjurations   | 3 |  3.6
Dodging        | 3 4 |  4.4
Spellcasting   | 3 4 |  4.2
Stealth        | 4 5 |  5.0
Hexes          | 1 |  1.8

Action                   |  1- 3 |  4- 6 || total
-------------------------+-------+-------++-------
Melee: Unarmed           |    80 |       ||    80
       Punch             |     2 |       ||     2
       Short sword       |     4 |    13 ||    17
 Cast: Magic Dart        |   105 |    36 ||   141
       Searing Ray       |       |     6 ||     6
  Use: Scroll            |       |     4 ||     4
       Potion            |       |     1 ||     1
 Stab: Sleeping          |     1 |     3 ||     4
Armor: Robe              |    11 |     2 ||    13
Dodge: Dodged            |    96 |    17 ||   113

Table legend: (Time is in decaauts)
 A = Elapsed time spent in this place.
 B = Non-inter-level travel time spent in this place.
 C = Inter-level travel time spent in this place.
 D = Time resting spent in this place.
 E = Time spent auto-exploring this place.
 F = Levels seen in this place.
 G = Mean time per level.
                   A        B        C        D        E       F      G
               +--------+--------+--------+--------+--------+-----+--------+
         Total |   3699 |   3622 |     77 |   1023 |   2088 |   5 |  739.8 |
       Dungeon |   3351 |   3274 |     77 |    775 |   2057 |   4 |  837.8 |
         Sewer |    348 |    348 |      0 |    248 |     30 |   1 |  348.0 |
               +--------+--------+--------+--------+--------+-----+--------+

Top non-repeatable levels by time:
     D:1: 1445 daAuts
     D:2: 983 daAuts
     D:3: 731 daAuts
   Sewer: 348 daAuts
     D:4: 191 daAuts
